 Dungeon Crawl Stone Soup version 0.20.1-1-g8b1a95d (webtiles) character file.

52 dohliylev the Sneak (level 3, -2/24 HPs)
             Began as a Vampire Enchanter on Dec 17, 2017.
             Slain by a worm (6 damage)
             ... on level 2 of the Dungeon.
             The game lasted 00:04:19 (1344 turns).

dohliylev the Sneak (Vampire Enchanter)             Turns: 1344, Time: 00:04:20

Health: -2/24      AC:  7    Str:  7    XL:     3   Next: 60%
Magic:  1/6        EV: 12    Int: 18    God:
Gold:   117        SH:  0    Dex: 14    Spells: 3/6 levels left

rFire    . . .     SeeInvis +   a - +1 dagger
rCold    . . .     Gourm    .   (no shield)
rNeg     . . .     Faith    .   b - +0 robe
rPois    .         Spirit   .   g - +2 helmet
rElec    .         Reflect  .   (no cloak)
rCorr    .         Harm     .   f - +1 pair of gloves
MR       .....                  (no boots)
Stlth    +++.......             (no amulet)
Regen    0.3/turn               (no ring)
MPRegen  0.1/turn               (no ring)

@: regenerating quickly
A: fangs 3, see invisible, unbreathing
a: no special abilities


You were on level 2 of the Dungeon.
You were full.

You visited 1 branch of the dungeon, and saw 3 of its levels.

You collected 117 gold pieces.

Inventory:

Hand Weapons
 a - a +1 dagger (weapon)
Armour
 b - a +0 robe (worn)
 f - a +1 pair of gloves (worn)
 g - a +2 helmet (worn)
Scrolls
 i - a scroll of blinking {unknown}
 j - a scroll of enchant weapon {unknown}
 k - a scroll of identify {unknown}
Potions
 d - 7 potions of blood
 e - 2 potions of curing {unknown}
 n - 2 potions of flight {unknown}
Books
 c - a book of Maledictions

   Spells                             Type                      Level
   a - Corona                         Hexes                        1
   b - Ensorcelled Hibernation        Hexes/Ice                    2
   c - Confuse                        Hexes                        3
   d - Tukima's Dance                 Hexes                        3
   e - Dazzling Spray                 Conjuration/Hexes            3


   Skills:
 - Level 1.1 Short Blades
 - Level 2.1 Dodging
 + Level 7.0 Stealth
 - Level 2.0 Spellcasting
 - Level 4.4 Hexes
 + Level 0.4 Ice Magic


You had 3 spell levels left.
You knew the following spells:

 Your Spells              Type           Power        Failure   Level  Hunger
a - Corona                Hex            ###....      3%          1    #......
b - Ensorcelled Hibernat  Hex/Ice        ##....       11%         2    ###....


Dungeon Overview and Level Annotations

Branches:
Dungeon (3/15)

Altars:


Innate Abilities, Weirdness & Mutations

Your natural rate of healing is unusually fast.
You have razor-sharp teeth.
You have supernaturally acute eyesight. (SInv)
You can survive without breathing.


Message History

You barely miss the ice beast.
The ice beast is lightly wounded.
You hit the ice beast but do no damage.
The ice beast is lightly wounded.
The orc throws a tomahawk.
The tomahawk barely misses you. The ice beast hits you.
The ice beast freezes you.
The orc throws a tomahawk.
The tomahawk hits you but does no damage.
You hit the ice beast.
The ice beast is moderately wounded.
The ice beast hits you. The ice beast freezes you! The orc closely misses you.
The orc barely misses you. The orc misses you.
There is a stone staircase leading up here.
The ice beast barely misses you. The orc barely misses you.
You climb upwards.
The worm bites you.
* * * LOW HITPOINT WARNING * * *
There is a stone staircase leading down here.
The orc misses you. The worm bites you.
You die...

#.##...(..#)# #..
###########.##.##..##.# #..
#.......#......###.##.# ##..
#.##....#.#...........####...
#.##....#.#.............##...
#.##....#.#.....#######.##...
#.##..[.#.#.....#....)..##...
#.##....#.#.w...#.####......#
#)##....#).o@...............+
#.#####.#..Y###.#.#.##......#
#.......'...# # # #......#
#######.#...# #......#
#.#....... #......#
#.#+#######.# ######.#
#####....#......# #.#
#........†....... #####..
#........#......# #......


You could see an ice beast, a worm and an orc.

Vanquished Creatures
  2 adders (D:2)
  A dart slug (D:1)
  A leopard gecko (D:1)
  4 goblins
  6 hobgoblins
  4 ball pythons
  5 bats
  A frilled lizard (D:2)
  5 kobolds (D:1)
  3 rats (D:2)
32 creatures vanquished.

Notes
Turn   | Place    | Note
-------+----------+-------------------------------------------
     0 | D:1      | dohliylev the Vampire Enchanter began the quest for the Orb.
     0 | D:1      | Reached XP level 1. HP: 13/13 MP: 3/3
   116 | D:1      | Reached skill level 5 in Stealth
   210 | D:1      | Reached XP level 2. HP: 19/19 MP: 5/5
   214 | D:1      | Learned a level 2 spell: Ensorcelled Hibernation
   958 | D:2      | Reached skill level 6 in Stealth
   991 | D:2      | Reached XP level 3. HP: 24/24 MP: 1/6
  1302 | D:2      | Reached skill level 7 in Stealth
  1311 | D:3      | Noticed an ice beast
  1344 | D:2      | Slain by a worm

Skill      XL: |  1  2  3 |
---------------+----------+-----
Stealth        | 5 6 7 |  7.0
Short Blades   | |  1.1
Dodging        | |  2.1
Spellcasting   | |  2.0
Hexes          | |  4.4
Ice Magic      | |  0.4

Action                   || total
-------------------------++-------
Melee: Dagger            ||    96
       Bite              ||     6
       Short sword       ||     1
 Cast: Corona            ||     1
       Ensorcelled Hiber ||    12
  Use: Scroll            ||     2
 Stab: Sleeping          ||    18
  Eat: Corpse            ||     8
Armor: Robe              ||    32
Dodge: Dodged            ||    69
